 Dungeon Crawl Stone Soup version 0.24-a0-275-g6f7e2cb (webtiles) character file.

Game seed: 7625763775724289609

69717 Gorice the Thaumaturge (level 15, 0/113 HPs)
             Began as a Gnoll Wizard on Apr 28, 2019.
             Was a High Priest of Kikubaaqudgha.
             Slain by a yak (11 damage)
             ... on level 6 of the Lair of Beasts.
             The game lasted 02:08:08 (21871 turns).

Gorice the Thaumaturge (Gnoll Wizard)              Turns: 21871, Time: 02:08:09

Health: 0/113      AC: 13    Str:  9    XL:     15   Next: 30%
Magic:  13/30      EV: 19    Int: 27    God:    Kikubaaqudgha [*****.]
Gold:   1215       SH:  0    Dex: 14    Spells: 14/37 levels left

rFire    . . .     SeeInvis .   a - +5 dire flail (freeze)
rCold    + . .     Gourm    .   (shield currently unavailable)
rNeg     + . .     Faith    .   R - +0 steam dragon scales
rPois    .         Spirit   .   m - +1 helmet
rElec    .         Reflect  .   (no cloak)
rCorr    .         Harm     .   v - +0 pair of gloves
MR       +....                  o - +1 pair of boots
Stlth    ++++......             (no amulet)
HPRegen  0.28/turn              e - ring of positive energy
MPRegen  0.22/turn              c - ring of protection from cold

@: sleeping, marked
A: distributed training, fangs 1, strong nose
a: Receive Corpses, Torment, Renounce Religion


You were on level 6 of the Lair of Beasts.
You worshipped Kikubaaqudgha.
Kikubaaqudgha was extremely pleased with you.
You were not hungry.

You visited 3 branches of the dungeon, and saw 21 of its levels.

You collected 1215 gold pieces.

Inventory:

Hand Weapons
 a - a +5 dire flail of freezing (weapon)
   (You took it off a wight on level 10 of the Dungeon)
 h - a +1 falchion of flaming
   (You took it off an orc on level 10 of the Dungeon)
 q - a +1 eveningstar of draining
   (You took it off Urug on level 2 of the Lair of Beasts)
 r - a +3 trident
 B - a +0 blowgun
Missiles
 b - 5 silver javelins
 D - 10 curare-tipped needles
 O - 15 tomahawks (quivered)
Armour
 g - a +2 robe of cold resistance
   (You took it off Fannar on level 2 of the Lair of Beasts)
 m - a +1 helmet (worn)
 o - a +1 pair of boots (worn)
 v - a +0 pair of gloves (worn)
 R - +0 steam dragon scales (worn)
Magical Staves
 k - an uncursed staff of cold
Jewellery
 c - a ring of protection from cold (right hand)
 e - a ring of positive energy (left hand)
 I - an uncursed ring of ice
Wands
 i - a wand of clouds (6)
 x - a wand of disintegration (7)
 y - a wand of polymorph (9)
 J - a wand of iceblast (18)
 M - a wand of flame (3)
 V - a wand of acid (4)
Scrolls
 f - 3 scrolls of magic mapping {!r}
 l - 2 scrolls of fog
 u - 10 scrolls of teleportation {!r}
 A - 8 scrolls of remove curse
 C - 3 scrolls of enchant weapon
 E - a scroll of blinking
 H - 2 scrolls of enchant armour
 N - a scroll of fear {!r}
 Z - 6 scrolls of identify
Potions
 j - 2 potions of agility {!q}
 n - 4 potions of ambrosia
 p - 5 potions of curing
 s - 3 potions of haste {!q}
 t - 4 potions of might {!q}
 w - 3 potions of berserk rage
 z - 4 potions of flight
 F - 2 potions of lignification {!q}
 K - 2 potions of brilliance {!q}
 Q - 2 potions of heal wounds {!q}
Miscellaneous
 L - a lightning rod (4/4) {!a}
Comestibles
 d - 33 rations
 G - 5 chunks of flesh


   Skills:
 + Level 9.2 Fighting
 + Level 9.2 Short Blades
 + Level 9.2 Long Blades
 + Level 9.2 Axes
 + Level 9.2 Maces & Flails
 + Level 9.2 Polearms
 + Level 9.2 Staves
 + Level 9.2 Slings
 + Level 9.2 Bows
 + Level 9.2 Crossbows
 + Level 9.2 Throwing
 + Level 9.2 Armour
 + Level 10.3 Dodging
 + Level 10.1 Stealth
 + Level 9.2 Shields
 + Level 9.2 Unarmed Combat
 + Level 11.5 Spellcasting
 + Level 8.1 Conjurations
 + Level 7.7 Hexes
 + Level 7.7 Charms
 + Level 8.1 Summonings
 + Level 7.7 Necromancy
 + Level 8.1 Translocations
 + Level 7.7 Transmutations
 + Level 7.7 Fire Magic
 + Level 7.7 Ice Magic
 + Level 7.7 Air Magic
 + Level 7.7 Earth Magic
 + Level 7.7 Poison Magic
 + Level 10.1 Invocations
 + Level 9.2 Evocations


You had 14 spell levels left.
You knew the following spells:

 Your Spells              Type           Power        Failure   Level  Hunger
a - Magic Dart            Conj           ####         1%          1    None
b - Slow                  Hex            ######..     1%          2    None
c - Conjure Flame         Conj/Fire      ######..     1%          3    None
d - Animate Dead          Necr           N/A          1%          4    None
e - Mephitic Cloud        Conj/Pois/Air  ######..     1%          3    None
i - Call Imp              Summ           ######..     1%          2    None
w - Spectral Weapon       Hex/Chrm       ######..     1%          3    None
J - Blink                 Tloc           N/A          1%          2    None
R - Regeneration          Chrm/Necr      ######....   1%          3    None

Your spell library contained the following spells:

 Spells                   Type           Power        Failure   Level  Hunger
 Beastly Appendage        Tmut           ######       1%          1    None
 Infusion                 Chrm           ####         1%          1    None
 Pain                     Necr           ####         1%          1    None
 Sting                    Conj/Pois      ####         1%          1    None
 Corpse Rot               Necr           N/A          1%          2    None
 Poisonous Vapours        Pois/Air       ######       1%          2    None
 Shroud of Golubria       Chrm/Tloc      ######....   1%          2    None
 Song of Slaying          Chrm           ######..     1%          2    None
 Sticks to Snakes         Tmut           ######..     1%          2    None
 Sublimation of Blood     Necr           ######....   1%          2    None
 Spider Form              Tmut/Pois      ######....   1%          3    None
 Ice Form                 Ice/Tmut       ######..     1%          4    None
 Olgreb's Toxic Radiance  Pois           ######..     1%          4    None
 Blade Hands              Tmut           ######....   4%          5    ###....
 Borgnjor's Vile Clutch   Necr/Erth      ######....   4%          5    ###....
 Dispel Undead            Necr           ######..     4%          5    ###....
 Excruciating Wounds      Chrm/Necr      ######....   4%          5    ###....
 Venom Bolt               Conj/Pois      ######....   4%          5    ###....
 Freezing Cloud           Conj/Ice/Air   ######....   22%         6    #####..
 Death Channel            Necr           ######....   24%         6    #####..
 Ring of Flames           Chrm/Fire      ######....   78%         7    ######.
 Dragon's Call            Summ           ######....   100%        9    #######


Dungeon Overview and Level Annotations

Branches:
Dungeon (14/15)            Temple (1/1) D:7            Lair (6/6) D:11
  Swamp (0/4) Lair:3       Spider (0/4) Lair:3        Slime (0/5) Lair:5
    Orc (0/2) D:12
 Vaults: D:13-14

Altars:
Ashenzari
Cheibriados
Dithmenos
Elyvilon
Fedhas
Gozag
Hepliaklqana
Kikubaaqudgha
Makhleb
Nemelex Xobeh
Okawaru
Qazlal
Ru
Sif Muna
Trog
Uskayaw
Vehumet
Wu Jian
Xom
Yredelemnul
Zin
The Shining One
Jiyva

Shops:
D:10 [

Annotations:
D:12 UX: passthru
D:13 pUX: passthru
D:14 UX: shafted here


Innate Abilities, Weirdness & Mutations

Your experience applies equally to all skills.
You have very sharp teeth.
Your uncanny sense of smell can sniff out nearby items.


Message History

Confirm with . or Enter, or press ? or * to list all spells.
Aiming: Mephitic Cloud (safe; 1% risk of failure)
Press: ? - help, Shift-Dir - straight line
Okay, then.
You barely miss the yak. Your bite misses the yak.
The yak is severely wounded.
The yak is engulfed in blazing flames.
You kill the yak!
The yak's corpse dissolves into shadows!
The yak is engulfed in blazing flames.
Casting: Mephitic Cloud (safe; 1% risk of failure)
Confirm with . or Enter, or press ? or * to list all spells.
Aiming: Conjure Flame (safe; 1% risk of failure)
Press: ? - help, Dir - move target cursor You see a ghostly outline there, and the spell fizzles.
The dream sheep bleats!
You hear some strange, mumbled words.
The dream sheep shake their wool and sparkle.
You feel drowsy...
You fall asleep.
The yak is engulfed in blazing flames.
The yak gores you!!!
You wake up.
* * * LOW HITPOINT WARNING * * *
You hear some strange, mumbled words.
Damage: 41 (max 41) Unknown command.
You closely miss the yak.
The yak is heavily wounded.
The yak is engulfed in blazing flames.
The yak gores you!
* * * LOW HITPOINT WARNING * * *
Damage: 11 (max 41) Unknown command.
The yak is engulfed in blazing flames.
You kill the yak!
The yak's corpse dissolves into shadows!
Casting: Conjure Flame (safe; 1% risk of failure)
Confirm with . or Enter, or press ? or * to list all spells.
Aiming: Conjure Flame (safe; 1% risk of failure)
Press: ? - help, Dir - move target cursor The fire blazes with new energy!
The yak is engulfed in blazing flames.
The dream sheep shake their wool and sparkle.
You feel drowsy...
You fall asleep.
The yak completely misses you.
The dream sheep sets off the alarm!
The alarm trap emits a blaring wail!
A sentinel's mark forms upon you. The yak misses you.
You hear an angry growl.
You hear a howl! x2; You hear a bleat!
You hear a bellow!
The yak gores you!
You die...
Kikubaaqudgha rasps: "You have failed me!
Welcome... death!"

♣♣♣♣♣♣♣♣
♣..Y@..♣♣♣
♣♣♣♣HY.♣♣...♣♣♣♣
♣.Y..♣♣♣♣♣♣....♣♣♣
♣Y♣♣♣♣ ♣♣.....♣
♣))♣ ♣.....♣♣##
♣.♣♣ ∆ ♣..♣..)..P#
H. ♣...♣♣♣...##


YYY ♣..♣♣ ♣♣♣.# =.YY ...♣ ♣.### You could see a hippogriff, a yak and 3 dream
sheep.

Vanquished Creatures
  Gastronok (D:8)
  Fannar (Lair:2)
  4 hydras
  4 two-headed ogres
  Urug (Lair:2)
  2 ugly things (D:11)
  A cyclops (D:11)
  A centaur zombie (D:11)
  6 elephants (Lair:4)
  9 black mambas
  2 gargoyles
  6 spiny frogs
  3 komodo dragons (Lair:5)
  A demonic crawler (Lair:3)
  A queen bee (Lair:4)
  A troll (D:11)
  3 meliai (Lair:4)
  3 polar bears
  2 bog bodies (Lair:3)
  4 hornets
  5 blink frogs (Lair:3)
  7 hippogriffs
  9 spriggans (Lair:6)
  2 wyverns
  A basilisk (Lair:6)
  22 yaks
  A steam dragon (D:9)
  Grum (D:8)
  Menkaure (D:7)
  2 swamp worms (Lair:3)
  6 water moccasins
  2 ice beasts
  4 sky beasts
  9 porcupines
  4 black bears
  4 orc warriors
  2 phantoms (D:4)
  3 necrophages
  4 boggarts (Lair:6)
  16 wolves
  9 centaurs
  5 ogres
  8 crocodiles
  3 big kobolds
  14 bullfrogs
  A wyvern zombie (D:8)
  7 scorpions
  A water moccasin skeleton (D:7)
  23 killer bees
  15 wights
  3 howler monkeys
  2 electric eels (Lair:1)
  A bullfrog zombie (D:11)
  5 crimson imps
  5 centaur skeletons
  7 jellies
  6 hounds
  13 orc wizards
  5 orc priests
  A gnoll shaman (D:7)
  5 iguanas
  2 bullfrog skeletons
  Jessica (D:3)
  Terence (D:3)
  14 worker ants
  A killer bee zombie (D:10)
  3 hound zombies
  A hound skeleton (D:7)
  Robin (D:3)
  A worker ant zombie (D:7)
  4 gnolls (D:7)
  9 adders
  6 shadow imps
  A white imp (D:4)
  6 oozes
  3 adder zombies
  2 adder skeletons
  2 worms
  5 dart slugs
  6 leopard geckos
  39 orcs
  8 giant cockroaches
  12 goblins
  15 hobgoblins
  13 jackals
  A quokka (D:10)
  A ball python zombie (D:6)
  6 bats
  6 frilled lizards
  2 jackal skeletons
  20 kobolds
  2 quokka skeletons
  8 rats
502 creatures vanquished.

Vanquished Creatures (collateral kills)
  A hornet (Lair:5)
1 creature vanquished.

Vanquished Creatures (others)
  A killer bee (D:10)
  An electric eel (Lair:3)
  6 fungi
  2 plants (Lair:6)
  2 spectral weapons
12 creatures vanquished.

Grand Total: 515 creatures vanquished

Notes
Turn   | Place    | Note
-------+----------+-------------------------------------------
     0 | D:1      | Gorice the Gnoll Wizard began the quest for the Orb.
     0 | D:1      | Reached XP level 1. HP: 13/13 MP: 8/8
   138 | D:1      | Reached skill level 2 in Conjurations
   138 | D:1      | Reached skill level 2 in Summonings
   138 | D:1      | Reached skill level 2 in Translocations
   168 | D:1      | Reached XP level 2. HP: 17/19 MP: 2/10
   951 | D:1      | Learned a level 2 spell: Blink
   954 | D:1      | Learned a level 2 spell: Call Imp
   965 | D:1      | Reached XP level 3. HP: 12/25 MP: 4/11
  1126 | D:2      | Found an ornate altar of the Wu Jian Council.
  1250 | D:2      | Reached skill level 1 in Fighting
  1250 | D:2      | Reached skill level 1 in Short Blades
  1250 | D:2      | Reached skill level 1 in Long Blades
  1250 | D:2      | Reached skill level 1 in Axes
  1250 | D:2      | Reached skill level 1 in Maces & Flails
  1250 | D:2      | Reached skill level 1 in Polearms
  1250 | D:2      | Reached skill level 1 in Staves
  1250 | D:2      | Reached skill level 1 in Slings
  1250 | D:2      | Reached skill level 1 in Bows
  1250 | D:2      | Reached skill level 1 in Crossbows
  1250 | D:2      | Reached skill level 1 in Throwing
  1250 | D:2      | Reached skill level 1 in Armour
  1250 | D:2      | Reached skill level 1 in Shields
  1250 | D:2      | Reached skill level 1 in Unarmed Combat
  1250 | D:2      | Reached skill level 1 in Invocations
  1250 | D:2      | Reached skill level 1 in Evocations
  1250 | D:2      | Reached XP level 4. HP: 32/32 MP: 7/13
  1340 | D:2      | Learned a level 2 spell: Slow
  1344 | D:2      | Learned a level 3 spell: Conjure Flame
  1348 | D:2      | Learned a level 3 spell: Mephitic Cloud
  1440 | D:2      | Reached skill level 1 in Hexes
  1440 | D:2      | Reached skill level 1 in Charms
  1440 | D:2      | Reached skill level 1 in Necromancy
  1440 | D:2      | Reached skill level 1 in Transmutations
  1440 | D:2      | Reached skill level 1 in Fire Magic
  1440 | D:2      | Reached skill level 1 in Ice Magic
  1440 | D:2      | Reached skill level 1 in Air Magic
  1440 | D:2      | Reached skill level 1 in Earth Magic
  1440 | D:2      | Reached skill level 1 in Poison Magic
  1685 | D:2      | Found a faded altar of an unknown god.
  1761 | D:2      | Reached XP level 5. HP: 35/37 MP: 2/14
  1964 | D:3      | Noticed Jessica
  1971 | D:3      | Noticed Terence
  1972 | D:3      | Killed Jessica
  2060 | D:3      | Killed Terence
  2255 | D:3      | Noticed Robin
  2290 | D:3      | Killed Robin
  2697 | D:3      | Reached XP level 6. HP: 44/44 MP: 13/16
  3043 | D:4      | Found a blossoming altar of Fedhas.
  3059 | D:4      | Reached skill level 2 in Invocations
  3112 | D:4      | Reached skill level 5 in Dodging
  3123 | D:4      | Reached skill level 2 in Fighting
  3123 | D:4      | Reached skill level 2 in Short Blades
  3123 | D:4      | Reached skill level 2 in Long Blades
  3123 | D:4      | Reached skill level 2 in Axes
  3123 | D:4      | Reached skill level 2 in Maces & Flails
  3123 | D:4      | Reached skill level 2 in Polearms
  3123 | D:4      | Reached skill level 2 in Staves
  3123 | D:4      | Reached skill level 2 in Slings
  3123 | D:4      | Reached skill level 2 in Bows
  3123 | D:4      | Reached skill level 2 in Crossbows
  3123 | D:4      | Reached skill level 2 in Throwing
  3123 | D:4      | Reached skill level 2 in Armour
  3123 | D:4      | Reached skill level 2 in Shields
  3123 | D:4      | Reached skill level 2 in Unarmed Combat
  3123 | D:4      | Reached skill level 2 in Evocations
  3126 | D:4      | Noticed a phantom
  3139 | D:4      | HP: 13/44 [phantom (2)]
  3141 | D:4      | HP: 6/44 [orc/+0 flail (8)]
  3146 | D:4      | HP: 13/44 [phantom (1)]
  3648 | D:4      | Reached XP level 7. HP: 50/50 MP: 18/18
  3758 | D:4      | Found a deep blue altar of Sif Muna.
  3854 | D:4      | Reached skill level 2 in Hexes
  3854 | D:4      | Reached skill level 2 in Charms
  3854 | D:4      | Reached skill level 2 in Necromancy
  3854 | D:4      | Reached skill level 2 in Transmutations
  3854 | D:4      | Reached skill level 2 in Fire Magic
  3854 | D:4      | Reached skill level 2 in Ice Magic
  3854 | D:4      | Reached skill level 2 in Air Magic
  3854 | D:4      | Reached skill level 2 in Earth Magic
  3854 | D:4      | Reached skill level 2 in Poison Magic
  4037 | D:5      | Entered Level 5 of the Dungeon
  4049 | D:5      | Reached skill level 3 in Conjurations
  4049 | D:5      | Reached skill level 3 in Summonings
  4049 | D:5      | Reached skill level 3 in Translocations
  4067 | D:5      | Found a shattered altar of Ashenzari.
  4089 | D:5      | Reached skill level 5 in Stealth
  4105 | D:5      | Reached skill level 3 in Invocations
  4146 | D:5      | Reached XP level 8. HP: 51/57 MP: 8/19
  4435 | D:5      | Reached skill level 3 in Fighting
  4435 | D:5      | Reached skill level 3 in Short Blades
  4435 | D:5      | Reached skill level 3 in Long Blades
  4435 | D:5      | Reached skill level 3 in Axes
  4435 | D:5      | Reached skill level 3 in Maces & Flails
  4435 | D:5      | Reached skill level 3 in Polearms
  4435 | D:5      | Reached skill level 3 in Staves
  4435 | D:5      | Reached skill level 3 in Slings
  4435 | D:5      | Reached skill level 3 in Bows
  4435 | D:5      | Reached skill level 3 in Crossbows
  4435 | D:5      | Reached skill level 3 in Throwing
  4435 | D:5      | Reached skill level 3 in Armour
  4435 | D:5      | Reached skill level 3 in Shields
  4435 | D:5      | Reached skill level 3 in Unarmed Combat
  4435 | D:5      | Reached skill level 3 in Evocations
  5268 | D:6      | Reached skill level 8 in Spellcasting
  5442 | D:6      | Reached skill level 4 in Invocations
  5511 | D:6      | Reached skill level 3 in Hexes
  5511 | D:6      | Reached skill level 3 in Charms
  5511 | D:6      | Reached skill level 3 in Necromancy
  5511 | D:6      | Reached skill level 3 in Transmutations
  5511 | D:6      | Reached skill level 3 in Fire Magic
  5511 | D:6      | Reached skill level 3 in Ice Magic
  5511 | D:6      | Reached skill level 3 in Air Magic
  5511 | D:6      | Reached skill level 3 in Earth Magic
  5511 | D:6      | Reached skill level 3 in Poison Magic
  5511 | D:6      | Reached XP level 9. HP: 57/65 MP: 17/21
  5626 | D:6      | Reached skill level 6 in Dodging
  5699 | D:7      | Noticed a hornet
  5726 | D:7      | Killed a hornet
  5726 | D:7      | Reached skill level 4 in Fighting
  5726 | D:7      | Reached skill level 4 in Short Blades
  5726 | D:7      | Reached skill level 4 in Long Blades
  5726 | D:7      | Reached skill level 4 in Axes
  5726 | D:7      | Reached skill level 4 in Maces & Flails
  5726 | D:7      | Reached skill level 4 in Polearms
  5726 | D:7      | Reached skill level 4 in Staves
  5726 | D:7      | Reached skill level 4 in Slings
  5726 | D:7      | Reached skill level 4 in Bows
  5726 | D:7      | Reached skill level 4 in Crossbows
  5726 | D:7      | Reached skill level 4 in Throwing
  5726 | D:7      | Reached skill level 4 in Armour
  5726 | D:7      | Reached skill level 4 in Shields
  5726 | D:7      | Reached skill level 4 in Unarmed Combat
  5726 | D:7      | Reached skill level 4 in Conjurations
  5726 | D:7      | Reached skill level 4 in Summonings
  5726 | D:7      | Reached skill level 4 in Translocations
  5726 | D:7      | Reached skill level 4 in Evocations
  6003 | D:7      | Noticed Menkaure
  6020 | D:7      | Killed Menkaure
  6020 | D:7      | Reached skill level 6 in Stealth
  7029 | D:7      | Reached skill level 5 in Invocations
  7072 | D:7      | Found a staircase to the Ecumenical Temple.
  7081 | Temple   | Entered the Ecumenical Temple
  7147 | Temple   | Became a worshipper of Kikubaaqudgha
  7640 | D:8      | Reached XP level 10. HP: 62/73 MP: 14/22
  8030 | D:8      | Noticed Gastronok
  8229 | D:8      | Noticed Grum
  8238 | D:8      | Killed Grum
  8238 | D:8      | Reached skill level 4 in Hexes
  8238 | D:8      | Reached skill level 4 in Charms
  8238 | D:8      | Reached skill level 4 in Necromancy
  8238 | D:8      | Reached skill level 4 in Transmutations
  8238 | D:8      | Reached skill level 4 in Fire Magic
  8238 | D:8      | Reached skill level 4 in Ice Magic
  8238 | D:8      | Reached skill level 4 in Air Magic
  8238 | D:8      | Reached skill level 4 in Earth Magic
  8238 | D:8      | Reached skill level 4 in Poison Magic
  8438 | D:8      | Killed Gastronok
  8438 | D:8      | Reached skill level 5 in Fighting
  8438 | D:8      | Reached skill level 5 in Short Blades
  8438 | D:8      | Reached skill level 5 in Long Blades
  8438 | D:8      | Reached skill level 5 in Axes
  8438 | D:8      | Reached skill level 5 in Maces & Flails
  8438 | D:8      | Reached skill level 5 in Polearms
  8438 | D:8      | Reached skill level 5 in Staves
  8438 | D:8      | Reached skill level 5 in Slings
  8438 | D:8      | Reached skill level 5 in Bows
  8438 | D:8      | Reached skill level 5 in Crossbows
  8438 | D:8      | Reached skill level 5 in Throwing
  8438 | D:8      | Reached skill level 5 in Armour
  8438 | D:8      | Reached skill level 7 in Dodging
  8438 | D:8      | Reached skill level 5 in Shields
  8438 | D:8      | Reached skill level 5 in Unarmed Combat
  8438 | D:8      | Reached skill level 9 in Spellcasting
  8438 | D:8      | Reached skill level 5 in Conjurations
  8438 | D:8      | Reached skill level 5 in Summonings
  8438 | D:8      | Reached skill level 5 in Translocations
  8438 | D:8      | Reached skill level 5 in Evocations
  9319 | D:8      | Reached skill level 6 in Invocations
  9605 | D:9      | Reached skill level 7 in Stealth
  9668 | D:9      | Reached * piety under Kikubaaqudgha
  9668 | D:9      | Identified Kikubaaqudgha's Volume of Unholy Rites
                  | (Kikubaaqudgha gifted it to you on level 9 of the Dungeon)
  9668 | D:9      | Received a gift from Kikubaaqudgha
  9674 | D:9      | Learned a level 3 spell: Regeneration
  9745 | D:9      | Noticed a two-headed ogre
  9766 | D:9      | Killed a two-headed ogre
  9773 | D:9      | Reached XP level 11. HP: 81/81 MP: 10/24
 10525 | D:9      | Found a hazy altar of Hepliaklqana.
 10618 | D:10     | Entered Level 10 of the Dungeon
 10773 | D:10     | Reached skill level 6 in Fighting
 10773 | D:10     | Reached skill level 6 in Short Blades
 10773 | D:10     | Reached skill level 6 in Long Blades
 10773 | D:10     | Reached skill level 6 in Axes
 10773 | D:10     | Reached skill level 6 in Maces & Flails
 10773 | D:10     | Reached skill level 6 in Polearms
 10773 | D:10     | Reached skill level 6 in Staves
 10773 | D:10     | Reached skill level 6 in Slings
 10773 | D:10     | Reached skill level 6 in Bows
 10773 | D:10     | Reached skill level 6 in Crossbows
 10773 | D:10     | Reached skill level 6 in Throwing
 10773 | D:10     | Reached skill level 6 in Armour
 10773 | D:10     | Reached skill level 8 in Dodging
 10773 | D:10     | Reached skill level 8 in Stealth
 10773 | D:10     | Reached skill level 6 in Shields
 10773 | D:10     | Reached skill level 6 in Unarmed Combat
 10773 | D:10     | Reached skill level 6 in Conjurations
 10773 | D:10     | Reached skill level 5 in Hexes
 10773 | D:10     | Reached skill level 5 in Charms
 10773 | D:10     | Reached skill level 6 in Summonings
 10773 | D:10     | Reached skill level 5 in Necromancy
 10773 | D:10     | Reached skill level 6 in Translocations
 10773 | D:10     | Reached skill level 5 in Transmutations
 10773 | D:10     | Reached skill level 5 in Fire Magic
 10773 | D:10     | Reached skill level 5 in Ice Magic
 10773 | D:10     | Reached skill level 5 in Air Magic
 10773 | D:10     | Reached skill level 5 in Earth Magic
 10773 | D:10     | Reached skill level 5 in Poison Magic
 10773 | D:10     | Reached skill level 7 in Invocations
 10773 | D:10     | Reached skill level 6 in Evocations
 10773 | D:10     | Reached XP level 12. HP: 89/89 MP: 25/25
 10929 | D:10     | Reached ** piety under Kikubaaqudgha
 11156 | D:10     | Found Zuxu's Antique Armour Boutique.
 11509 | D:10     | Reached skill level 10 in Spellcasting
 11609 | D:10     | Reached skill level 7 in Fighting
 11609 | D:10     | Reached skill level 7 in Short Blades
 11609 | D:10     | Reached skill level 7 in Long Blades
 11609 | D:10     | Reached skill level 7 in Axes
 11609 | D:10     | Reached skill level 7 in Maces & Flails
 11609 | D:10     | Reached skill level 7 in Polearms
 11609 | D:10     | Reached skill level 7 in Staves
 11609 | D:10     | Reached skill level 7 in Slings
 11609 | D:10     | Reached skill level 7 in Bows
 11609 | D:10     | Reached skill level 7 in Crossbows
 11609 | D:10     | Reached skill level 7 in Throwing
 11609 | D:10     | Reached skill level 7 in Armour
 11609 | D:10     | Reached skill level 7 in Shields
 11609 | D:10     | Reached skill level 7 in Unarmed Combat
 11609 | D:10     | Reached skill level 7 in Evocations
 11992 | D:10     | Reached *** piety under Kikubaaqudgha
 11992 | D:10     | Identified Kikubaaqudgha's Almanac of Black Rituals
                  | (Kikubaaqudgha gifted it to you on level 10 of the Dungeon)
 11992 | D:10     | Received a gift from Kikubaaqudgha
 12025 | D:10     | Learned a level 4 spell: Animate Dead
 12098 | D:10     | Found a blossoming altar of Fedhas.
 12203 | D:11     | You fall through a shaft for 3 floors!
 12296 | D:13     | Found a stormy altar of Qazlal.
 12343 | D:12     | Found a staircase to the Orcish Mines.
 12388 | D:11     | Noticed a two-headed ogre
 12388 | D:11     | Noticed a two-headed ogre
 12416 | D:12     | Killed a two-headed ogre
 12519 | D:12     | HP: 23/91 [two-headed ogre/+0 giant club (17)]
 12524 | D:12     | Killed a two-headed ogre
 12772 | D:11     | Reached skill level 6 in Hexes
 12772 | D:11     | Reached skill level 6 in Charms
 12772 | D:11     | Reached skill level 6 in Necromancy
 12772 | D:11     | Reached skill level 6 in Transmutations
 12772 | D:11     | Reached skill level 6 in Fire Magic
 12772 | D:11     | Reached skill level 6 in Ice Magic
 12772 | D:11     | Reached skill level 6 in Air Magic
 12772 | D:11     | Reached skill level 6 in Earth Magic
 12772 | D:11     | Reached skill level 6 in Poison Magic
 13001 | D:11     | Reached skill level 8 in Invocations
 13903 | D:11     | Reached **** piety under Kikubaaqudgha
 13912 | D:11     | Found a deep blue altar of Sif Muna.
 13989 | D:11     | Found a staircase to the Lair.
 14113 | D:11     | Identified Dohef's Disquisition on Viperous Illusion
 14178 | D:11     | Noticed a two-headed ogre
 14186 | D:11     | Killed a two-headed ogre
 14207 | D:11     | Reached skill level 9 in Dodging
 14207 | D:11     | Reached XP level 13. HP: 75/97 MP: 17/27
 14385 | Lair:1   | Entered Level 1 of the Lair of Beasts
 15499 | Lair:2   | Noticed Fannar
 15559 | Lair:2   | Killed Fannar
 15893 | Lair:2   | Noticed Urug
 15912 | Lair:2   | HP: 18/98 [Urug/+1 eveningstar of draining (27)]
 15916 | Lair:2   | Killed Urug
 16201 | Lair:2   | You fall through a shaft!
 16372 | Lair:2   | Reached skill level 9 in Stealth
 16708 | Lair:2   | Learned a level 3 spell: Spectral Weapon
 17031 | Lair:2   | Reached skill level 7 in Conjurations
 17031 | Lair:2   | Reached skill level 7 in Summonings
 17031 | Lair:2   | Reached skill level 7 in Translocations
 17276 | Lair:3   | Found a hole to the Spider Nest.
 17366 | Lair:3   | Reached skill level 8 in Fighting
 17366 | Lair:3   | Reached skill level 8 in Short Blades
 17366 | Lair:3   | Reached skill level 8 in Long Blades
 17366 | Lair:3   | Reached skill level 8 in Axes
 17366 | Lair:3   | Reached skill level 8 in Maces & Flails
 17366 | Lair:3   | Reached skill level 8 in Polearms
 17366 | Lair:3   | Reached skill level 8 in Staves
 17366 | Lair:3   | Reached skill level 8 in Slings
 17366 | Lair:3   | Reached skill level 8 in Bows
 17366 | Lair:3   | Reached skill level 8 in Crossbows
 17366 | Lair:3   | Reached skill level 8 in Throwing
 17366 | Lair:3   | Reached skill level 8 in Armour
 17366 | Lair:3   | Reached skill level 8 in Shields
 17366 | Lair:3   | Reached skill level 8 in Unarmed Combat
 17366 | Lair:3   | Reached skill level 8 in Evocations
 17592 | Lair:3   | Found a staircase to the Swamp.
 17765 | Lair:3   | HP: 27/98 [blink frog (13)]
 18294 | Lair:4   | Reached skill level 9 in Invocations
 18341 | Lair:4   | Reached ***** piety under Kikubaaqudgha
 18570 | Lair:4   | Reached skill level 7 in Hexes
 18570 | Lair:4   | Reached skill level 7 in Charms
 18570 | Lair:4   | Reached skill level 7 in Necromancy
 18570 | Lair:4   | Reached skill level 7 in Transmutations
 18570 | Lair:4   | Reached skill level 7 in Fire Magic
 18570 | Lair:4   | Reached skill level 7 in Ice Magic
 18570 | Lair:4   | Reached skill level 7 in Air Magic
 18570 | Lair:4   | Reached skill level 7 in Earth Magic
 18570 | Lair:4   | Reached skill level 7 in Poison Magic
 18570 | Lair:4   | HP: 29/99 [black mamba (13)]
 18576 | Lair:4   | HP: 22/99 [poisoned by a black mamba]
 18581 | Lair:4   | HP: 20/99 [poisoned by a black mamba]
 18586 | Lair:4   | HP: 19/99 [poisoned by a black mamba]
 18593 | Lair:4   | HP: 19/99 [poisoned by a black mamba]
 18601 | Lair:4   | HP: 19/99 [poisoned by a black mamba]
 19155 | Lair:4   | Reached skill level 11 in Spellcasting
 19461 | Lair:5   | Found a staircase to the Slime Pits.
 19461 | Lair:5   | Found a viscous altar of Jiyva.
 19670 | Lair:5   | Reached XP level 14. HP: 106/106 MP: 19/29
 19693 | Lair:5   | Reached skill level 9 in Fighting
 19693 | Lair:5   | Reached skill level 9 in Short Blades
 19693 | Lair:5   | Reached skill level 9 in Long Blades
 19693 | Lair:5   | Reached skill level 9 in Axes
 19693 | Lair:5   | Reached skill level 9 in Maces & Flails
 19693 | Lair:5   | Reached skill level 9 in Polearms
 19693 | Lair:5   | Reached skill level 9 in Staves
 19693 | Lair:5   | Reached skill level 9 in Slings
 19693 | Lair:5   | Reached skill level 9 in Bows
 19693 | Lair:5   | Reached skill level 9 in Crossbows
 19693 | Lair:5   | Reached skill level 9 in Throwing
 19693 | Lair:5   | Reached skill level 9 in Armour
 19693 | Lair:5   | Reached skill level 10 in Dodging
 19693 | Lair:5   | Reached skill level 9 in Shields
 19693 | Lair:5   | Reached skill level 9 in Unarmed Combat
 19693 | Lair:5   | Reached skill level 9 in Evocations
 19693 | Lair:5   | Reached XP level 15. HP: 104/113 MP: 24/30
 19964 | Lair:6   | Entered Level 6 of the Lair of Beasts
 19974 | Lair:5   | Paralysed by a hornet for 2 turns
 20824 | Lair:6   | Reached skill level 10 in Stealth
 20978 | Lair:6   | HP: 33/113 [poisoned by a spiny frog]
 20983 | Lair:6   | HP: 29/113 [poisoned by a spiny frog]
 20988 | Lair:6   | HP: 27/113 [poisoned by a spiny frog]
 20990 | Lair:6   | Reached skill level 8 in Conjurations
 20990 | Lair:6   | Reached skill level 8 in Summonings
 20990 | Lair:6   | Reached skill level 8 in Translocations
 20994 | Lair:6   | HP: 25/113 [poisoned by a spiny frog]
 21000 | Lair:6   | HP: 25/113 [poisoned by a spiny frog]
 21008 | Lair:6   | HP: 25/113 [poisoned by a spiny frog]
 21065 | Lair:6   | HP: 30/113 [wolf (10)]
 21375 | Lair:6   | Reached skill level 10 in Invocations
 21860 | Lair:6   | HP: 19/113 [yak[a boggart] (41)]
 21861 | Lair:6   | HP: 8/113 [yak[a boggart] (11)]
 21871 | Lair:6   | Slain by a yak

Levels and vault maps discovered:
D:1:      wander_arrival_estate, layout_basic, minmay_tree_intersection
D:2:      layout_loops_ring, old_standard_altar,
          chequers_ecumenical_altar_grove, minmay_circle_x
D:3:      layout_basic, first_ration, uniq_terence, uniq_robin, uniq_jessica
D:4:      layout_rooms, lemuel_round_altar, lemuel_doored_altar,
          minmay_fire_ice_demons
D:5:      layout_rooms, lemuel_round_altar, skrybe_limestone_x, kennysheep_dice
D:6:      layout_cave_pools, serial_glass, glass_columns_a, glass_columns_a,
          minmay_misc_feat_room
D:7:      minmay_thinvault, layout_gridville, temple_hall, uniq_menkaure
D:8:      layout_basic, hangedman_little_slice_of_home, uniq_gastronok,
          uniq_grum
D:9:      layout_basic, basic_altar
D:10:     kennysheep_six_static_rooms, layout_cave_pods, serial_shops,
          kennysheep_mini, basic_altar
D:11:     layout_basic, lair_entry_dummy, tgw_sif
D:12:     layout_long_grid, orc_0_dummy, serial_glass, glass_columns_a,
          glass_columns_a, serial_shops, shop
D:13:     cheibrodos_hippocracy, layout_loops_corners, basic_altar,
          minmay_between, uniq_azrael, uniq_frances
D:14:     layout_basic, david_vaults_5, grunt_decor_resistance, serial_shops,
          shop
Temple:   dpeg_five_rooms_temple
Lair:1:   layout_gridlike
Lair:2:   layout_hall_layers, uniq_urug, uniq_fannar
Lair:3:   layout_roguey, nicolae_swamp_entry_splash_gauntlet,
          nicolae_spider_entry_non_spiders
Lair:4:   layout_loops_ring, special_room [special_room_bee],
          nicolae_quartered_pool_medium
Lair:5:   layout_misc_corridors, slime_altar_1
Lair:6:   minmay_lair_end_enchanted_forest, layout_loops_ring

Skill      XL: |  1  2  3  4  5  6  7  8  9 10 11 12 13 14 15 |
---------------+----------------------------------------------+-----
Conjurations   | 2 3 4 5 6 7 8 |  8.1
Summonings     | 2 3 4 5 6 7 8 |  8.1
Translocations | 2 3 4 5 6 7 8 |  8.1
Fighting       | 1 2 3 4 5 6 7 8 9 |  9.2
Short Blades   | 1 2 3 4 5 6 7 8 9 |  9.2
Long Blades    | 1 2 3 4 5 6 7 8 9 |  9.2
Axes           | 1 2 3 4 5 6 7 8 9 |  9.2
Maces & Flails | 1 2 3 4 5 6 7 8 9 |  9.2
Polearms       | 1 2 3 4 5 6 7 8 9 |  9.2
Staves         | 1 2 3 4 5 6 7 8 9 |  9.2
Slings         | 1 2 3 4 5 6 7 8 9 |  9.2
Bows           | 1 2 3 4 5 6 7 8 9 |  9.2
Crossbows      | 1 2 3 4 5 6 7 8 9 |  9.2
Throwing       | 1 2 3 4 5 6 7 8 9 |  9.2
Armour         | 1 2 3 4 5 6 7 8 9 |  9.2
Shields        | 1 2 3 4 5 6 7 8 9 |  9.2
Unarmed Combat | 1 2 3 4 5 6 7 8 9 |  9.2
Invocations    | 1 2 3 4 5 6 7 8 9 10 | 10.1
Evocations     | 1 2 3 4 5 6 7 8 9 |  9.2
Hexes          | 1 2 3 4 5 6 7 |  7.7
Charms         | 1 2 3 4 5 6 7 |  7.7
Necromancy     | 1 2 3 4 5 6 7 |  7.7
Transmutations | 1 2 3 4 5 6 7 |  7.7
Fire Magic     | 1 2 3 4 5 6 7 |  7.7
Ice Magic      | 1 2 3 4 5 6 7 |  7.7
Air Magic      | 1 2 3 4 5 6 7 |  7.7
Earth Magic    | 1 2 3 4 5 6 7 |  7.7
Poison Magic   | 1 2 3 4 5 6 7 |  7.7
Dodging        | 5 6 7 8 9 10 | 10.3
Stealth        | 5 6 7 8 9 10 | 10.1
Spellcasting   | 8 9 10 11 | 11.5

Action                   |  1- 3 |  4- 6 |  7- 9 | 10-12 | 13-15 || total
-------------------------+-------+-------+-------+-------+-------++-------
Melee: Club              |     5 |       |       |       |       ||     5
       Bite              |     1 |     8 |    31 |    30 |    31 ||   101
       Falchion          |       |    19 |    13 |       |       ||    32
       Short sword       |       |   110 |   261 |    62 |       ||   433
       Punch             |       |       |     4 |     7 |       ||    11
       Staff             |       |       |       |     6 |       ||     6
       Long sword        |       |       |       |    70 |       ||    70
       Dire flail        |       |       |       |   173 |   375 ||   548
 Cast: Magic Dart        |    63 |    97 |    97 |   259 |    59 ||   575
       Mephitic Cloud    |       |     7 |    12 |    24 |    24 ||    67
       Blink             |       |     3 |     6 |    15 |     6 ||    30
       Conjure Flame     |       |       |    19 |    59 |    53 ||   131
       Call Imp          |       |       |     5 |     3 |       ||     8
       Spectral Weapon   |       |       |       |       |    37 ||    37
       Slow              |       |       |       |       |    17 ||    17
       Animate Dead      |       |       |       |       |     1 ||     1
Invok: Receive Corpses   |       |       |       |       |     1 ||     1
Evoke: Wand              |       |       |       |     1 |     3 ||     4
  Use: Scroll            |     2 |     7 |     7 |     8 |     2 ||    26
       Potion            |       |     1 |       |     2 |     1 ||     4
 Stab: Sleeping          |       |     6 |    15 |    13 |    11 ||    45
       Confused          |       |     2 |     7 |     6 |    10 ||    25
       Distracted        |       |       |       |       |     2 ||     2
  Eat: Chunk             |     1 |     7 |    11 |    16 |    24 ||    59
       Ration            |       |       |     1 |     1 |       ||     2
Armor: Robe              |     6 |    22 |    65 |     3 |       ||    96
       Leather armour    |       |       |       |     5 |       ||     5
       Steam dragon scal |       |       |       |    65 |   126 ||   191
Dodge: Dodged            |    15 |    84 |   178 |   234 |   337 ||   848
       Rpst.: Falchion   |       |     6 |     1 |       |       ||     7
       Long sword        |       |       |       |    14 |       ||    14

Table legend:
 A = Non-vault XP
 B = Vault XP
 C = Vault XP percentage of total XP
 D = Non-vault monster count
 E = Vault monster count
 F = Vault count percentage of total count
                 A         B        C        D         E       F
            +---------+---------+-------+---------+---------+-------
      Total |   42581 |   14754 |  25.7 |     388 |     117 |  23.2
            +---------+---------+-------+---------+---------+-------
        D:1 |      35 |       0 |   0.0 |      22 |       0 |   0.0
        D:2 |     129 |      18 |  12.2 |      23 |       4 |  14.8
        D:3 |      40 |     107 |  72.8 |      18 |      14 |  43.8
        D:4 |     490 |      56 |  10.3 |      25 |       2 |   7.4
        D:5 |     632 |      14 |   2.2 |      20 |       1 |   4.8
        D:6 |     954 |       0 |   0.0 |      21 |       0 |   0.0
        D:7 |    1219 |     471 |  27.9 |      25 |      10 |  28.6
        D:8 |     574 |    2845 |  83.2 |      14 |      14 |  50.0
        D:9 |    2718 |       0 |   0.0 |      33 |       0 |   0.0
       D:10 |    3266 |     491 |  13.1 |      53 |       6 |  10.2
       D:11 |    6116 |      40 |   0.6 |      39 |       1 |   2.5
       D:12 |    1887 |       0 |   0.0 |       3 |       0 |   0.0
       D:13 |     173 |       0 |   0.0 |       3 |       0 |   0.0
       D:14 |     256 |       0 |   0.0 |       2 |       0 |   0.0
     Lair:1 |     848 |       0 |   0.0 |       7 |       0 |   0.0
     Lair:2 |    2334 |    1700 |  42.1 |      10 |       2 |  16.7
     Lair:3 |    4882 |    1435 |  22.7 |      21 |      13 |  38.2
     Lair:4 |    6880 |    1886 |  21.5 |      20 |      16 |  44.4
     Lair:5 |    3634 |     976 |  21.2 |      13 |       6 |  31.6
     Lair:6 |    5514 |    4715 |  46.1 |      16 |      28 |  63.6
            +---------+---------+-------+---------+---------+-------

Table legend:
 A = Turns spent in this place as a percentage of turns spent in the entire game.
 B = Non-inter-level travel turns spent in this place as a percentage of non-inter-level travel turns spent in the entire game.
 C = Inter-level travel turns spent in this place as a percentage of turns spent in this place.
 D = Turns resting spent in this place as a percentage of non-inter-level travel turns spent in this place.
 E = Turns spent auto-exploring this place as a percentage of non-inter-level travel turns spent in this place.
 F = Non-inter-level travel turns spent in this place divided by the number of levels of this place that you've seen.
                   A       B       C       D       E      F
               +-------+-------+-------+-------+-------+----------------------
         Total | 100.0 | 100.0 |   3.3 |  31.5 |  33.8 | 1006.7
       Dungeon |  64.9 |  64.8 |   3.5 |  29.2 |  33.9 | 978.1
        Temple |   0.9 |   0.8 |  15.9 |   0.0 |  67.1 | 164.0
          Lair |  34.2 |  34.5 |   2.7 |  36.7 |  32.8 | 1214.0
               +-------+-------+-------+-------+-------+----------------------

Levels and vault maps discovered:
D:1:      wander_arrival_estate, layout_basic, minmay_tree_intersection
D:2:      layout_loops_ring, old_standard_altar,
          chequers_ecumenical_altar_grove, minmay_circle_x
D:3:      layout_basic, first_ration, uniq_terence, uniq_robin, uniq_jessica
D:4:      layout_rooms, lemuel_round_altar, lemuel_doored_altar,
          minmay_fire_ice_demons
D:5:      layout_rooms, lemuel_round_altar, skrybe_limestone_x, kennysheep_dice
D:6:      layout_cave_pools, serial_glass, glass_columns_a, glass_columns_a,
          minmay_misc_feat_room
D:7:      minmay_thinvault, layout_gridville, temple_hall, uniq_menkaure
D:8:      layout_basic, hangedman_little_slice_of_home, uniq_gastronok,
          uniq_grum
D:9:      layout_basic, basic_altar
D:10:     kennysheep_six_static_rooms, layout_cave_pods, serial_shops,
          kennysheep_mini, basic_altar
D:11:     layout_basic, lair_entry_dummy, tgw_sif
D:12:     layout_long_grid, orc_0_dummy, serial_glass, glass_columns_a,
          glass_columns_a, serial_shops, shop
D:13:     cheibrodos_hippocracy, layout_loops_corners, basic_altar,
          minmay_between, uniq_azrael, uniq_frances
D:14:     layout_basic, david_vaults_5, grunt_decor_resistance, serial_shops,
          shop
Temple:   dpeg_five_rooms_temple
Lair:1:   layout_gridlike
Lair:2:   layout_hall_layers, uniq_urug, uniq_fannar
Lair:3:   layout_roguey, nicolae_swamp_entry_splash_gauntlet,
          nicolae_spider_entry_non_spiders
Lair:4:   layout_loops_ring, special_room [special_room_bee],
          nicolae_quartered_pool_medium
Lair:5:   layout_misc_corridors, slime_altar_1
Lair:6:   minmay_lair_end_enchanted_forest, layout_loops_ring
